Map: Ulrena

Players

pupu - Winner!

  • Race: Protoss Protoss
  • League: Silver

Riekelle

  • Race: Terran Terran
  • League: Silver

VOD

Have the link to the VOD?

Description

Time

  • Played on: April 4, 2016, 2:07 p.m.
  • Length: 6:22
Show
View Real Time Build Order
Export as new Build Order

pupu Protoss - Winner!

Build Orders: Oracle Opening 

Get SALT Encoding   

  12  0:01  Probe (Chrono Boost)  
  13  0:11  Probe (Chrono Boost)  
  14  0:20  Pylon  
  14  0:24  Probe (Chrono Boost)  
  15  0:39  Probe (Chrono Boost)  
  16  0:44  Gateway  
  16  0:49  Probe (Chrono Boost)  
  17  1:00  Probe (Chrono Boost)  
  18  1:08  Assimilator  
  18  1:10  Probe (Chrono Boost), Assimilator  
  19  1:21  Probe (Chrono Boost)  
  20  1:27  Pylon  
  20  1:35  Cybernetics Core  
  20  1:36  Probe (Chrono Boost)  
  21  1:49  Probe (Chrono Boost)  
  22  2:02  Gateway  
  22  2:04  Probe (Chrono Boost)  
  23  2:20  Stargate  
  23  2:27  Probe (Chrono Boost), Gateway  
  23  2:28  Pylon  
  24  2:33  Pylon  
  24  2:34  Adept  
  26  2:38  Probe (Chrono Boost), Warp Gate (Chrono Boost)  
  27  2:50  Adept  
  29  2:55  Probe  
  30  3:03  Oracle (Chrono Boost)  
  33  3:07  Probe  
  34  3:27  Nexus  
  34  3:32  Sentry  
  38  3:48  Pylon, Mothership Core  
  38  4:05  Stalker  
  38  4:06  Stalker  
  38  4:08  Stalker  
  44  4:56  Probe  
  44  4:57  Probe  
  46  5:04  Pylon  
  46  5:06  Probe, Stalker x3  
  52  5:09  Probe  
  54  5:19  Gateway  
  48  5:52  Stalker  
  48  5:53  Stalker x2  
Show
View Real Time Build Order
Export as new Build Order

Riekelle Terran 

Build Orders: Liberator Opening 

Get SALT Encoding   

  12  0:02  SCV  
  13  0:14  SCV  
  14  0:26  SCV  
  15  0:30  Supply Depot  
  15  0:51  SCV  
  15  0:53  Barracks  
  16  1:04  SCV  
  17  1:08  Refinery  
  17  1:16  SCV  
  18  1:26  Command Center  
  18  1:34  SCV  
  19  1:41  Supply Depot  
  19  1:42  Marine  
  20  1:50  Orbital Command  
  20  2:00  Marine  
  21  2:15  Refinery  
  21  2:19  SCV  
  21  2:20  Marine  
  21  2:21  Factory  
  23  2:31  SCV  
  23  2:34  Supply Depot  
  24  2:46  Engineering Bay  
  24  2:50  Orbital Command  
  24  2:58  SCV  
  25  3:01  Barracks Reactor  
  25  3:11  Widow Mine  
  27  3:14  Starport  
  27  3:16  SCV  
  27  3:21  SCV  
  28  3:32  Orbital Command  
  28  3:40  Liberator  
  28  3:44  Supply Depot  
  28  3:50  Marine x2  
  28  3:52  SCV  
  28  3:54  Factory Tech Lab  
  34  4:06  SCV  
  34  4:07  SCV  
  34  4:08  Marine  
  37  4:10  Terran Infantry Weapons Level 1  
  37  4:14  Missile Turret  
  35  4:19  SCV  
  33  4:29  Missile Turret  
  24  4:39  Marine x2  
  24  4:43  SCV x2  
  28  4:55  SCV  
  28  4:56  SCV  
  28  4:57  Marine x2  
  32  5:00  Supply Depot  
  32  5:08  SCV x2  
  32  5:09  Viking  
  32  5:13  Refinery  
  36  5:14  Marine  
  36  5:15  Marine  
  36  5:16  Refinery  
  36  5:20  SCV x2  
  35  5:32  Marine x2  
  25  5:50  Marine x2  
  22  6:01  SCV x2  
Tags
 
Add a new tag
Caveats
  • Supply blocks, unpowered buildings, or Contaminate may cause inaccurate times.
  • Supply counts are checked every 10 seconds.